[Event "*** SCC Grand Prix: Titled Tuesday Blitz"]
[Site "Chess.com"]
[Date "2020.09.08"]
[Round "2"]
[White "Thee-Chessboy"]
[Black "MarcoRiehle"]
[Result "0-1"]
[WhiteElo "2475"]
[BlackElo "2698"]
[TimeControl "180+1"]
[EndTime "10:17:18 PDT"]
[Termination "MarcoRiehle won by resignation"]

1. d4 d5 2. c4 e6 3. Nf3 Nf6 4. g3 dxc4 5. Bg2 Bb4+ 6. Nc3 O-O 7. O-O c5 8. dxc5 Qxd1 9. Rxd1 Bxc5 10. Ne5 Nc6 11.
Nxc4 Bd7 12. Bg5 Rfd8 13. Nd6 Bxd6 14. Rxd6 Be8 15. Rad1 Rxd6 16. Rxd6 Rd8 17. Rxd8 Nxd8 18.
Bxf6 gxf6 19. Ne4 f5 20. Nf6+ Kf8 21. Nxh7+ Ke7 22. Ng5 b5 23. h4 a5 24. a3 e5 25. f4 e4 26. Kf2 Nb7 27. Ke3 Nd6 28. Kd4 Nc4 29. Kc3 Ne3 30. Bh3 f6 31. Nxe4 fxe4 32.
Kd4 Nc4 33. Kxe4 Nxb2 34. Kd4 a4 35. Kc3 Nc4 36. Kb4 Ne3 37. Bc8 Nc2+ 38. Kc5 Nxa3 39. Kb4 Nc2+ 40. Kc3 Ne3 41. g4 Nd5+ 0-1

[Event "*** SCC Grand Prix: Titled Tuesday Blitz"]
[Site "Chess.com"]
[Date "2020.09.08"]
[Round "2"]
[White "KonstantinB_1983"]
[Black "Kobalia"]
[Result "1/2-1/2"]
[WhiteElo "2518"]
[BlackElo "2763"]
[TimeControl "180+1"]
[EndTime "10:17:19 PDT"]
[Termination "Game drawn by agreement"]

1. Nf3 d5 2. e3 Nf6 3. c4 c6 4. b3 Bg4 5. Bb2 e6 6. Be2 Bd6 7.
Ne5 Bxe2 8. Qxe2 Nbd7 9. f4 O-O 10. O-O Qc7 11. Nxd7 Nxd7 12. d3 Rae8 13. Nd2 f5 14. d4 Nf6 15. Rac1 Qe7 16. c5 Bc7 17. b4 Ne4 18. Nxe4 fxe4 19. b5 g5 20. g3 gxf4 21. gxf4 Qh4 22. Kh1 Kh8 23. Rg1 Rg8 24. a4 Ba5 25.
Rcf1 Qh3 26. Bc1 Rxg1+ 27. Rxg1 Rg8 28. Rxg8+ Kxg8 29. Qg2+ Qxg2+ 30. Kxg2 Kf7 31. Kg3 Kg6 32. Kg4 h5+ 33. Kg3 Be1+ 34. Kg2 Kf5 35. Kf1 Bb4 36.
h3 Kf6 37. Ke2 Kf7 38. Bd2 Bxd2 39. Kxd2 a5 40. b6 Kg6 1/2-1/2

[Event "*** SCC Grand Prix: Titled Tuesday Blitz"]
[Site "Chess.com"]
[Date "2020.09.08"]
[Round "2"]
[White "Ariadna_Atreides"]
[Black "alejogarcia1999"]
[Result "1/2-1/2"]
[WhiteElo "2030"]
[BlackElo "2361"]
[TimeControl "180+1"]
[EndTime "10:17:19 PDT"]
[Termination "Game drawn by repetition"]

1. d4 Nf6 2. Nf3 g6 3. c4 Bg7 4. Nc3 d6 5. e4 O-O 6. Be2 e5 7. d5 Nh5 8. Be3 Nf4 9. O-O a5 10. c5 Na6 11. cxd6 cxd6 12. Na4 Bd7 13. Nb6 Rb8 14.
Nxd7 Qxd7 15. Rc1 Rfc8 16. Qd2 Nxe2+ 17. Qxe2 Rxc1 18. Rxc1 Rc8 19. Qd2 a4 20. a3 f5 21.
Ng5 Bh6 22. Ne6 Bxe3 23. Qxe3 Rxc1+ 24. Qxc1 fxe4 25. Qh6 Qf7 26. Qh4 h6 27. Qd8+ Kh7 28. Nf8+ Kg7 29. Ne6+ Kh7 30. Nf8+ Kg7 31. Ne6+ Kh7 1/2-1/2

[Event "*** SCC Grand Prix: Titled Tuesday Blitz"]
[Site "Chess.com"]
[Date "2020.09.08"]
[Round "2"]
[White "DanielDardha2005"]
[Black "KyrgyzFighter"]
[Result "1/2-1/2"]
[WhiteElo "2664"]
[BlackElo "2338"]
[TimeControl "180+1"]
[EndTime "10:17:21 PDT"]
[Termination "Game drawn by repetition"]

1. d4 d5 2. c4 c6 3. Nc3 Nf6 4. Nf3 a6 5. e3 Bf5 6. b3 b5 7. Bb2 e6 8. Be2 Bd6 9. O-O h6 10. Rc1 O-O 11. Bd3 Ne4 12. Qc2 Nxc3 13. Bxc3 Bg4 14. Ne5 Bxe5 15. dxe5 bxc4 16. bxc4 dxc4 17.
Bh7+ Kh8 18. h3 Bh5 19. g4 g6 20. gxh5 Qg5+ 21. Kh2 Qxh5 22. Bxg6 fxg6 23. Rcd1 Rf3 24. Rd8+ Kg7 25. Qe4 Rxh3+ 26. Kg2 Rh2+ 27. Kg1 Rh4 28. f4 Qe2 29. Rb1 Rg4+ 30. Kh1 Rh4+ 31. Kg1 Ra7 32.
Rd2 Rg4+ 33. Kh1 Rh4+ 34. Kg1 Rg4+ 35. Kh1 Rh4+ 36. Kg1 1/2-1/2

[Event "*** SCC Grand Prix: Titled Tuesday Blitz"]
[Site "Chess.com"]
[Date "2020.09.08"]
[Round "2"]
[White "Carnivoras"]
[Black "indfraeng"]
[Result "0-1"]
[WhiteElo "2640"]
[BlackElo "2340"]
[TimeControl "180+1"]
[EndTime "10:17:21 PDT"]
[Termination "indfraeng won by resignation"]

1. d4 d5 2. Nf3 Nf6 3. g3 c5 4.
Bg2 Nc6 5. O-O g6 6. dxc5 Bg7 7. c3 O-O 8. Nd4 a5 9. b3 Ne4 10. Ba3 Nxc3 11. Nxc3 Bxd4 12. Rc1 Be6 13. e3 Bxc3 14. Rxc3 Nb4 15. Qd2 Qd7 16. Rd1 Rfd8 17. Bxb4 axb4 18. Rd3 Qc6 19. Qxb4 Rxa2 20. e4 Bg4 21. exd5 Qf6 22. R3d2 Rxd2 23. Rxd2 Qa1+ 24. Bf1 Bh3 25. Qc4 Rc8 26.
Rc2 Rxc5 27. Rc1 Qxc1 0-1

[Event "*** SCC Grand Prix: Titled Tuesday Blitz"]
[Site "Chess.com"]
[Date "2020.09.08"]
[Round "2"]
[White "DrMamaliga"]
[Black "XiaoKangZhong"]
[Result "0-1"]
[WhiteElo "2193"]
[BlackElo "2424"]
[TimeControl "180+1"]
[EndTime "10:17:21 PDT"]
[Termination "XiaoKangZhong won by resignation"]

1. c4 Nf6 2. Nf3 g6 3. b4 Bg7 4.
Bb2 O-O 5. g3 a5 6. b5 d5 7.
cxd5 Nxd5 8. Bxg7 Kxg7 9. Bg2 c5 10. bxc6 Nxc6 11. O-O e5 12. d3 f6 13. Nbd2 Be6 14.
a4 Nc3 15. Qe1 Nb4 16. Nc4 Nxa4 17. Rxa4 b5 18. Ra1 Nc2 19. Qc3 Nxa1 20. Ncxe5 Nb3 21. Rb1 b4 22. Qb2 fxe5 23. Nxe5 Qf6 24. Bxa8 Rxa8 25. f4 a4 26. Qc2 Rc8 27. Qa2 Nc5 28. Qd2 a3 29. Qxb4 a2 30. Ra1 Nd7 31. Qb7 Rd8 32. Rxa2 Bxa2 33. Nxd7 Qd4+ 34. Kg2 Bd5+ 0-1

[Event "*** SCC Grand Prix: Titled Tuesday Blitz"]
[Site "Chess.com"]
[Date "2020.09.08"]
[Round "2"]
[White "SharapovEvgeny"]
[Black "Smile2005"]
[Result "0-1"]
[WhiteElo "2477"]
[BlackElo "2296"]
[TimeControl "180+1"]
[EndTime "10:17:23 PDT"]
[Termination "Smile2005 won by resignation"]

1. c4 g6 2. Nc3 Bg7 3. g3 Nf6 4. Bg2 O-O 5. e3 d6 6. Nge2 e5 7. O-O c6 8. d4 Nbd7 9. b4 Re8 10. Bb2 e4 11. Qc2 Qe7 12. b5 c5 13. Rfd1 h5 14.
Rd2 cxd4 15. Nxd4 Nc5 16. Ba3 Bg4 17. h3 Be6 18. Bxc5 dxc5 19. Nxe6 Qxe6 20. Nd5 Nxd5 21. cxd5 Qd6 22. Rc1 b6 23. Bxe4 a6 24. Bd3 h4 25.
g4 a5 26. Bc4 Bf6 27. Kg2 Kg7 28. Re1 Ra7 29. Rdd1 Rae7 30. a4 Re4 31. Qd3 Kg8 32.
Re2 Kg7 33. Rc1 Bd8 34. Qc3+ Bf6 35. Qe1 Rxc4 36. Rxc4 Qxd5+ 37. e4 Qxc4 38. e5 Qd5+ 39. f3 Rxe5 40. Rxe5 Qxe5 0-1

[Event "*** SCC Grand Prix: Titled Tuesday Blitz"]
[Site "Chess.com"]
[Date "2020.09.08"]
[Round "2"]
[White "GameOverBro"]
[Black "nitpicker"]
[Result "1-0"]
[WhiteElo "2456"]
[BlackElo "2238"]
[TimeControl "180+1"]
[EndTime "10:17:23 PDT"]
[Termination "GameOverBro won on time"]

1. e4 d5 2. exd5 Qxd5 3. Nc3 Qd8 4. d4 Nf6 5. Bc4 a6 6. Nf3 b5 7. Bb3 Bb7 8. Bf4 e6 9. Qe2 Bd6 10. Ne5 O-O 11. Rd1 Nbd7 12. O-O Qe7 13. Rfe1 c5 14.
dxc5 Bxc5 15. Nxd7 Nxd7 16. Ne4 Rfc8 17. Qg4 Bxe4 18. Rxe4 Nf6 19. Qe2 Nxe4 20. Qxe4 Rd8 21. Re1 Rac8 22. c3 h6 23. Be5 Bd6 24. Bd4 e5 25. Bb6 Re8 26. h4 Kh8 27. Bd5 Rb8 28. Be3 f6 29. Qg6 Qf8 30. Be4 Qg8 31. Bxh6 Re7 32.
Bg5 f5 33. Bxf5 1-0

[Event "*** SCC Grand Prix: Titled Tuesday Blitz"]
[Site "Chess.com"]
[Date "2020.09.08"]
[Round "2"]
[White "MestreSoares"]
[Black "gui_borba"]
[Result "0-1"]
[WhiteElo "2102"]
[BlackElo "2389"]
[TimeControl "180+1"]
[EndTime "10:17:23 PDT"]
[Termination "gui_borba won by resignation"]

1. Nf3 c5 2. b3 Nc6 3. Bb2 d6 4. e3 e5 5. d4 e4 6. Nfd2 cxd4 7.
exd4 d5 8. c4 f5 9. Be2 Nf6 10.
O-O g6 11. Nc3 Bg7 12. Nxd5 Nxd5 13. cxd5 Ne7 14. Bc4 Nxd5 15. Re1 O-O 16. Nf1 Kh8 17. Ne3 Nf4 18. Qd2 a6 19. a4 Qg5 20. g3 Nh3+ 21. Kh1 f4 22. Ng2 Bg4 23. d5 fxg3 24. Bxg7+ Kxg7 25. Qc3+ Kh6 26. Qxg3 Nxf2+ 27. Kg1 Nh3+ 28.
Kh1 Rf3 29. Qh4+ Qxh4 30. Nxh4 Rf2 31. Rxe4 Kg5 32. Rxg4+ Kxg4 33. Ng2 Re8 34. Rd1 Rf6 35. a5 Nf2+ 36. Kg1 Nxd1 0-1

[Event "*** SCC Grand Prix: Titled Tuesday Blitz"]
[Site "Chess.com"]
[Date "2020.09.08"]
[Round "2"]
[White "blitis"]
[Black "PauloCesarCosta_sad"]
[Result "1-0"]
[WhiteElo "2505"]
[BlackElo "2284"]
[TimeControl "180+1"]
[EndTime "10:17:24 PDT"]
[Termination "blitis won on time"]

1. e4 e6 2. d4 d5 3. exd5 exd5 4. Qf3 Nf6 5. h3 Qe7+ 6. Be3 Qb4+ 7. Nd2 Qxb2 8. Rb1 Qc3 9. Bd3 Bd6 10. Ne2 Qa5 11. Rb5 Qxa2 12. O-O O-O 13. Nb3 Nc6 14. Ra1 Qb2 15. Bc1 Qxa1 16. Nxa1 a6 17. Rb1 b5 18. Bg5 Nd7 19. Qxd5 Bb7 20. Qf5 g6 21. Qxd7 Rab8 22. Nb3 Nb4 23. Bf6 Nxd3 24. cxd3 Rfe8 25. Ng3 Bf8 26.
Nc5 1-0

[Event "*** SCC Grand Prix: Titled Tuesday Blitz"]
[Site "Chess.com"]
[Date "2020.09.08"]
[Round "2"]
[White "Rodchenkov_Vitalij"]
[Black "RaunakSadhwani2005"]
[Result "1-0"]
[WhiteElo "2576"]
[BlackElo "2859"]
[TimeControl "180+1"]
[EndTime "10:17:25 PDT"]
[Termination "Rodchenkov_Vitalij won by resignation"]

1. d4 Nf6 2. Nf3 g6 3. Bg5 Bg7 4. Nbd2 O-O 5. c3 d6 6. e4 Nbd7 7. Bd3 e5 8. O-O h6 9. Bh4 Qe8 10. Re1 Nh5 11. a4 Nf4 12. Bf1 Nf6 13. a5 N6h5 14. Bg3 Bg4 15. Qb3 Rb8 16. h3 Be6 17. Bc4 Bxc4 18. Qxc4 exd4 19. cxd4 Nxg3 20. fxg3 Ne6 21. Kh2 Qc6 22. Qd3 Qd7 23. b4 Rbe8 24. Rac1 Re7 25. Nc4 Rfe8 26. Ne3 c6 27. a6 bxa6 28.
d5 Nd8 29. Qxa6 c5 30. bxc5 dxc5 31. e5 Bxe5 32. Nxe5 Rxe5 33. Ng4 Rxe1 34. Rxe1 1-0

[Event "*** SCC Grand Prix: Titled Tuesday Blitz"]
[Site "Chess.com"]
[Date "2020.09.08"]
[Round "2"]
[White "XDPS"]
[Black "Schandenfreude"]
[Result "1-0"]
[WhiteElo "2799"]
[BlackElo "2519"]
[TimeControl "180+1"]
[EndTime "10:17:26 PDT"]
[Termination "XDPS won by checkmate"]

1. d4 Nf6 2. c4 e6 3. Nc3 Bb4 4. e3 O-O 5. Bd3 c5 6. Nf3 d5 7.
O-O Nc6 8. a3 Bxc3 9. bxc3 Qc7 10. Bb2 Na5 11. cxd5 exd5 12. Ne5 c4 13. Bc2 Nc6 14. f4 Be6 15. Qf3 Rfe8 16. a4 Rad8 17. h3 Nxe5 18. fxe5 Ne4 19. Bxe4 dxe4 20. Qxe4 Bd5 21.
Qg4 Qc6 22. Rf6 Be6 23. Qg3 Qb6 24. Rf2 Bd5 25. Bc1 Qc6 26. Rf6 Re6 27. e4 Bxe4 28.
Bg5 Rde8 29. Raf1 Rxf6 30. Bxf6 Bg6 31. Bg5 Qxa4 32. h4 Qc2 33. Rf2 Qd3 34. Rf3 Qd1+ 35. Kh2 Bh5 36. Bf6 Bg6 37. h5 gxf6 38. hxg6 hxg6 39.
Rxf6 Qh5+ 40. Kg1 Qd1+ 41. Rf1 Qd3 42. Qf4 Qf5 43. Qh6 Qe6 44. Rf6 Qd5 45. Qf4 Qd7 46. Rd6 Qe7 47. Rf6 Rc8 48. e6 fxe6 49. Rxg6+ Kh7 50.
Qh6# 1-0

[Event "*** SCC Grand Prix: Titled Tuesday Blitz"]
[Site "Chess.com"]
[Date "2020.09.08"]
[Round "2"]
[White "Yaacovn"]
[Black "Lion-Al-Messi"]
[Result "1-0"]
[WhiteElo "2912"]
[BlackElo "2567"]
[TimeControl "180+1"]
[EndTime "10:17:29 PDT"]
[Termination "Yaacovn won by checkmate"]

1. d4 b6 2. e3 Bb7 3. f4 Nf6 4.
Nf3 c5 5. c3 e6 6. Bd3 Be7 7.
Nbd2 Nd5 8. Nf1 f5 9. Ng3 Nc6 10. O-O Qc7 11. e4 fxe4 12. Nxe4 O-O-O 13. Ne5 cxd4 14. Nf7 dxc3 15. bxc3 h6 16. Bd2 g5 17. Nxh8 Rxh8 18. f5 Ne5 19. Qe2 Nf4 20. Bxf4 gxf4 21. fxe6 dxe6 22. Ba6 f3 23. gxf3 Rg8+ 24. Kh1 Kb8 25.
Bxb7 Qxb7 26. Rad1 Rf8 27. Nc5 Bxc5 28. Qxe5+ Ka8 29.
Qe4 Rg8 30. Rd7 Qxe4 31. fxe4 a5 32. h3 Rg3 33. Rff7 Rg1+ 34. Kh2 Rg8 35. a4 Rc8 36. Ra7+ Kb8 37. Rfb7# 1-0

[Event "*** SCC Grand Prix: Titled Tuesday Blitz"]
[Site "Chess.com"]
[Date "2020.09.08"]
[Round "2"]
[White "Vsevolod_Ovchinnikov"]
[Black "Izoria123"]
[Result "0-1"]
[WhiteElo "2559"]
[BlackElo "2874"]
[TimeControl "180+1"]
[EndTime "10:17:29 PDT"]
[Termination "Izoria123 won on time"]

1. d4 d6 2. Nf3 g6 3. c4 Bg7 4. Nc3 Bg4 5. e3 c5 6. Qa4+ Qd7 7. Qxd7+ Nxd7 8. Be2 Ngf6 9. h3 Bf5 10. Bd2 Ne4 11.
Nxe4 Bxe4 12. Bc3 O-O 13. O-O a6 14. Rac1 b6 15. Rfd1 Rfc8 16. Ng5 Bb7 17. Bf3 Ra7 18.
b3 h6 19. Bxb7 Rxb7 20. Nf3 Ra8 21. dxc5 bxc5 22. Ba5 Nb8 23. Bc3 Nc6 24. Bxg7 Kxg7 25. Nd2 a5 26. a4 f5 27. f4 Kf6 28. Kf2 e6 29. g3 g5 30. Rc3 Rg8 31. Rd3 Rd7 32.
Nf3 Rgd8 33. Ne1 e5 34. R3d2 e4 35. Nc2 Ke6 36. Na1 gxf4 37. gxf4 d5 38. cxd5+ Rxd5 39. Rxd5 Rxd5 40. Rg1 Rd2+ 41. Kg3 Nb4 42. Kh4 Ra2 0-1

[Event "*** SCC Grand Prix: Titled Tuesday Blitz"]
[Site "Chess.com"]
[Date "2020.09.08"]
[Round "2"]
[White "Abdimalik_Abdisalimov"]
[Black "PotapovaM"]
[Result "1-0"]
[WhiteElo "2758"]
[BlackElo "2507"]
[TimeControl "180+1"]
[EndTime "10:17:29 PDT"]
[Termination "Abdimalik_Abdisalimov won by resignation"]

1. d4 Nf6 2. c4 e6 3. Nc3 Bb4 4. e3 O-O 5. Bd3 d5 6. Nf3 dxc4 7. Bxc4 c5 8. O-O cxd4 9. exd4 b6 10. Bg5 Bb7 11.
Qe2 Bxc3 12. bxc3 Nbd7 13. Rac1 Qc7 14. Bb3 Ng4 15. g3 Ngf6 16. c4 Rfe8 17. Rfe1 Qc6 18. Kg2 h6 19. Be3 Ne4 20. Red1 Ng5 21. d5 exd5 22.
cxd5 Qf6 23. Nxg5 hxg5 24. Rc7 Nc5 25. Qg4 Rxe3 26. fxe3 Qb2+ 27. Kg1 Qc3 28. Qd4 Qxd4 29. Rxd4 Rd8 30. d6 Ne6 31. Bxe6 fxe6 32. Rxb7 1-0

[Event "*** SCC Grand Prix: Titled Tuesday Blitz"]
[Site "Chess.com"]
[Date "2020.09.08"]
[Round "2"]
[White "adiosabu"]
[Black "nrvisakh"]
[Result "0-1"]
[WhiteElo "2497"]
[BlackElo "2743"]
[TimeControl "180+1"]
[EndTime "10:17:29 PDT"]
[Termination "nrvisakh won by resignation"]

1. d4 Nf6 2. c4 g6 3. Nc3 d5 4. cxd5 Nxd5 5. Bd2 Bg7 6. Nf3 O-O 7. g3 c5 8. dxc5 Nxc3 9. Bxc3 Bxc3+ 10. bxc3 Qa5 11. Qb3 Na6 12. Bg2 Be6 13. Qb2 Nxc5 14.
O-O Bd5 15. Rfd1 Rfd8 16. Qb4 Qc7 17. Qh4 h5 18. Rd4 Ne6 19. Rd3 Bxf3 20. Rxf3 Ng7 21. Rb1 Rab8 22. c4 Rd2 23. Rfb3 b6 24. R3b2 Rxb2 25. Rxb2 Rd8 26. Bf3 Nf5 27. Qf4 Qxf4 28. gxf4 Rd4 29. c5 bxc5 30. e3 Rb4 31. Rc2 Nh4 32. Bd1 Rb1 0-1

[Event "*** SCC Grand Prix: Titled Tuesday Blitz"]
[Site "Chess.com"]
[Date "2020.09.08"]
[Round "2"]
[White "Ba_clbaf_osed_ingo_3v21"]
[Black "artichaud"]
[Result "1-0"]
[WhiteElo "2526"]
[BlackElo "2223"]
[TimeControl "180+1"]
[EndTime "10:17:29 PDT"]
[Termination "Ba_clbaf_osed_ingo_3v21 won on time"]

1. Nf3 d6 2. c4 e5 3. Nc3 g5 4. d4 g4 5. Ng5 Be7 6. Nge4 f5 7. Ng3 e4 8. Bf4 h5 9. e3 h4 10. Nge2 Nd7 11. f3 exf3 12. gxf3 gxf3 13. Ng1 f2+ 14. Kxf2 Ndf6 15. h3 Nh5 16. Nf3 Ngf6 17.
Bd3 Nxf4 18. exf4 Nh5 19. Qd2 c6 20. Rae1 Kf7 21. Rhg1 Ng3 22. Ne2 Ne4+ 23. Bxe4 fxe4 24. Ng5+ Bxg5 25. Rxg5 Bxh3 26. Reg1 Rh7 27. Nc3 Qe7 28. Ke3 Rf8 29. Qh2 Bd7 30. Qg2 Ke8 31. Qxe4 Qxe4+ 32. Nxe4 h3 33. Rg7 Rfh8 34. Nxd6+ Kf8 35. R7g3 1-0

[Event "*** SCC Grand Prix: Titled Tuesday Blitz"]
[Site "Chess.com"]
[Date "2020.09.08"]
[Round "2"]
[White "chesslh19"]
[Black "Gvetadze"]
[Result "0-1"]
[WhiteElo "2205"]
[BlackElo "2428"]
[TimeControl "180+1"]
[EndTime "10:17:29 PDT"]
[Termination "Gvetadze won on time"]

1. e4 c5 2. Nf3 g6 3. d4 cxd4 4. Nxd4 Bg7 5. Nc3 Nc6 6. Be3 Nf6 7. Bc4 Na5 8. Bxf7+ Kxf7 9. e5 d5 10. exf6 Bxf6 11. O-O Nc4 12. Rb1 e6 13. Kh1 Nxe3 14.
fxe3 Kg7 15. Nce2 e5 16. Nf3 Be6 17. c3 Rf8 18. Ng3 Rc8 19. e4 Rc4 20. Nd2 Rc7 21.
a3 Rd7 22. Qe2 d4 23. cxd4 Rxd4 24. Nf3 Bc4 25. Qe3 Bxf1 26. Rxf1 Rd1 27. Qxa7 Rxf1+ 28. Nxf1 Rf7 29. h3 Qd1 30. Qg1 Rc7 31. Ne3 Qe2 32. Nd5 Rd7 33. Nxf6 Rd1 34. Ng4 Rxg1+ 35. Nxg1 Qxe4 36.
Nf3 Qb1+ 37. Kh2 e4 0-1

[Event "*** SCC Grand Prix: Titled Tuesday Blitz"]
[Site "Chess.com"]
[Date "2020.09.08"]
[Round "2"]
[White "aloe_normansen"]
[Black "PattyCastillo"]
[Result "1-0"]
[WhiteElo "2356"]
[BlackElo "1910"]
[TimeControl "180+1"]
[EndTime "10:17:30 PDT"]
[Termination "aloe_normansen won on time"]

1. e4 c5 2. Nf3 d6 3. d4 cxd4 4. Nxd4 Nf6 5. Nc3 a6 6. Bg5 e6 7. f4 h6 8. Bh4 Qb6 9. a3 Be7 10. Be2 Nc6 11. Bf2 Qc7 12. Qd2 b5 13. Nxc6 Qxc6 14. Bf3 Bb7 15. e5 Nd5 16. Nxd5 exd5 17. Bd4 O-O 18. O-O dxe5 19. fxe5 Bc5 20. c3 Rad8 21.
Rad1 Bxd4+ 22. Qxd4 Qe6 23. Bg4 Qc6 24. Rde1 Rfe8 25.
Qf4 Qc5+ 26. Kh1 Qc7 27. Bh5 Rf8 28. Qg3 Qc4 29. Rf4 Qc7 30. Rg4 g6 31. Bxg6 fxg6 32.
Rxg6+ Kh7 33. Qd3 Qc4 34. Qc2 1-0

[Event "*** SCC Grand Prix: Titled Tuesday Blitz"]
[Site "Chess.com"]
[Date "2020.09.08"]
[Round "2"]
[White "TudorAnton"]
[Black "KuzubovYuriy"]
[Result "0-1"]
[WhiteElo "2564"]
[BlackElo "2893"]
[TimeControl "180+1"]
[EndTime "10:17:31 PDT"]
[Termination "KuzubovYuriy won by resignation"]

1. d4 Nf6 2. c4 e6 3. Nf3 d5 4. g3 Bb4+ 5. Bd2 Bd6 6. Bg2 O-O 7. O-O c6 8. Qc2 Ne4 9. Nc3 f5 10. Bf4 Bxf4 11. gxf4 Nd7 12. Rad1 Kh8 13. e3 Qe7 14. Kh1 h6 15. Rg1 g5 16. fxg5 hxg5 17. Ne5 Nxe5 18. dxe5 Nxc3 19. Qxc3 Bd7 20. f4 Rg8 21.
fxg5 Rxg5 22. Qe1 Rg7 23. Bf3 Rag8 24. Rxg7 Rxg7 25. Qf1 Qg5 26. Rd4 Qxe3 27. Rh4+ Kg8 28. cxd5 cxd5 29. Bg2 Bc6 30. Rh3 Qxh3 31. Bxh3 d4+ 32.
Bg2 Bxg2+ 33. Qxg2 Rxg2 34. Kxg2 Kg7 35. Kf3 Kg6 36.
Ke2 f4 37. Kf3 d3 0-1

[Event "*** SCC Grand Prix: Titled Tuesday Blitz"]
[Site "Chess.com"]
[Date "2020.09.08"]
[Round "2"]
[White "Roaccutane"]
[Black "HrvojeZagreb"]
[Result "1-0"]
[WhiteElo "2620"]
[BlackElo "2160"]
[TimeControl "180+1"]
[EndTime "10:17:32 PDT"]
[Termination "Roaccutane won by checkmate"]

1. Nf3 f5 2. c4 Nf6 3. Nc3 d6 4. d4 e6 5. g3 Be7 6. Bg2 O-O 7.
O-O Ne4 8. Qc2 Nxc3 9. bxc3 Bf6 10. e4 e5 11. exf5 Nc6 12. Be3 Qe8 13. g4 Na5 14. Nd2 h5 15. h3 c6 16. Rae1 Qf7 17.
Qa4 b6 18. d5 c5 19. Ne4 Be7 20. f4 Ba6 21. fxe5 Bxc4 22. e6 Qe8 23. Qd1 Bxf1 24. Bxf1 hxg4 25. Qxg4 g6 26. f6 Bxf6 27. Nxd6 Qe7 28.
Bd3 g5 29. Nf5 Qb7 30. Bxg5 Bxg5 31. Qxg5+ Kh8 32. Re4 Rg8 33. Rh4+ Qh7 34. Rxh7+ Kxh7 35. Nh6+ Kh8 36. Nf7# 1-0

[Event "*** SCC Grand Prix: Titled Tuesday Blitz"]
[Site "Chess.com"]
[Date "2020.09.08"]
[Round "2"]
[White "allvim"]
[Black "Bhagya_2312"]
[Result "1-0"]
[WhiteElo "2380"]
[BlackElo "2071"]
[TimeControl "180+1"]
[EndTime "10:17:33 PDT"]
[Termination "allvim won on time"]

1. d4 d5 2. Bf4 Nf6 3. Nf3 c5 4. c3 Nc6 5. Nbd2 cxd4 6. cxd4 Bf5 7. a3 e6 8. e3 Bd6 9. Ne5 O-O 10. Be2 Rc8 11. g4 Be4 12. f3 Bg6 13. h4 h6 14.
g5 Nh5 15. gxh6 Bc2 16. Qxc2 Nxe5 17. Qb1 Ng6 18. hxg7 Kxg7 19. Bg5 Be7 20. Rg1 Bxg5 21. Rxg5 Rh8 22. f4 Nf6 23. h5 Ne4 24. Nxe4 dxe4 25. Qxe4 1-0

[Event "*** SCC Grand Prix: Titled Tuesday Blitz"]
[Site "Chess.com"]
[Date "2020.09.08"]
[Round "2"]
[White "poummba"]
[Black "platy3"]
[Result "0-1"]
[WhiteElo "2529"]
[BlackElo "2814"]
[TimeControl "180+1"]
[EndTime "10:17:35 PDT"]
[Termination "platy3 won on time"]

1. d4 Nf6 2. c4 e6 3. g3 d5 4. Bg2 dxc4 5. Nf3 a6 6. Ne5 Bb4+ 7. Nc3 Nd5 8. Bd2 Nb6 9. Bf4 O-O 10. O-O N8d7 11.
Rc1 Nxe5 12. Bxe5 Bd6 13. Ne4 Bxe5 14. dxe5 Qe7 15. Qc2 Bd7 16. Nd2 Rab8 17. Nxc4 Nxc4 18. Qxc4 Rfc8 19. Qc5 Qxc5 20. Rxc5 b6 21. Rc3 c5 22. Rd1 Bb5 23. e3 Rd8 24. Rcc1 Be2 25. Rxd8+ Rxd8 26. Be4 g5 27. Rc2 Rd1+ 28. Kg2 Bf1+ 29. Kf3 h5 30. g4 h4 31. a3 a5 32. b4 axb4 33.
axb4 cxb4 34. Rb2 Bh3 35. Rxb4 Rg1 0-1

[Event "*** SCC Grand Prix: Titled Tuesday Blitz"]
[Site "Chess.com"]
[Date "2020.09.08"]
[Round "2"]
[White "GothamChess"]
[Black "Guenplen"]
[Result "1/2-1/2"]
[WhiteElo "2574"]
[BlackElo "2897"]
[TimeControl "180+1"]
[EndTime "10:17:36 PDT"]
[Termination "Game drawn by agreement"]

1. e4 c5 2. a3 e6 3. b4 d5 4. exd5 exd5 5. Nf3 Nf6 6. Bb2 cxb4 7. Bb5+ Bd7 8.
Qe2+ Qe7 9. Bxf6 Qxe2+ 10. Bxe2 gxf6 11. axb4 Bxb4 12. O-O Nc6 13. Na3 Bxa3 14. Rxa3 O-O 15. Rb1 b6 16. Bb5 Rfc8 17. c3 Rc7 18. h3 Re8 19. Bxc6 Bxc6 20. Nd4 Bd7 21. Rba1 a5 22. Rb1 a4 23. Rxb6 Re1+ 24. Kh2 Kg7 25. Kg3 Rd1 26. Nf3 Ra7 27. Rd6 Be6 28. Rb6 Bf5 29. Rb4 Bc2 30. Rg4+ Kf8 31. Nd4 Rxd2 32. f3 Bd1 33.
Rf4 Ra6 34. Rh4 Be2 35. Nxe2 Rxe2 36. Raxa4 Rxa4 37. Rxa4 Rc2 38. Rd4 1/2-1/2

[Event "*** SCC Grand Prix: Titled Tuesday Blitz"]
[Site "Chess.com"]
[Date "2020.09.08"]
[Round "2"]
[White "Shubinkirill2003"]
[Black "Xeslu"]
[Result "1-0"]
[WhiteElo "2642"]
[BlackElo "2309"]
[TimeControl "180+1"]
[EndTime "10:17:36 PDT"]
[Termination "Shubinkirill2003 won on time"]

1. e4 c5 2. Nf3 Nc6 3. Bb5 g6 4. Bxc6 dxc6 5. d3 Bg7 6. h3 e5 7. a4 Qe7 8. a5 Nf6 9. Nbd2 Nd7 10. Nc4 O-O 11. Be3 Rb8 12. Qd2 Re8 13. O-O Nf8 14. Nfxe5 Bxe5 15. Nxe5 Qxe5 16. Bf4 Qh5 17. Bxb8 Bxh3 18.
gxh3 Rxb8 19. Qf4 Re8 20. Qg4 Qe5 21. c3 h5 22. Qg3 Qe6 23. f4 Qb3 24. Rf2 c4 25. f5 cxd3 26. Qxd3 Kg7 27. Raf1 Qb5 28. Qd4+ Qe5 29. fxg6 Nxg6 30. Rxf7+ Kh6 31. Qe3+ Qg5+ 32. Qxg5+ Kxg5 33. R1f5+ Kh6 34. Rxb7 Rxe4 35. Rxa7 Re2 36. Rb7 Nh4 37. Rf2 Re1+ 38. Kh2 Re3 39. a6 Nf3+ 40. Rxf3 Rxf3 41. a7 Rf2+ 42. Kg1 1-0

[Event "*** SCC Grand Prix: Titled Tuesday Blitz"]
[Site "Chess.com"]
[Date "2020.09.08"]
[Round "2"]
[White "aliba25"]
[Black "BilodeauA"]
[Result "1-0"]
[WhiteElo "2569"]
[BlackElo "2850"]
[TimeControl "180+1"]
[EndTime "10:17:37 PDT"]
[Termination "aliba25 won by resignation"]

1. Nf3 d5 2. e3 Bg4 3. c4 dxc4 4. Bxc4 e6 5. Qb3 Bxf3 6. gxf3 Qc8 7. d4 Nd7 8. Nc3 Ne7 9. Bd2 Ng6 10. f4 Nb6 11. Bd3 Be7 12. O-O-O Qd7 13. Kb1 O-O 14. h4 Bf6 15. h5 Ne7 16. Rdg1 Ned5 17. Ne4 h6 18. Rg3 Kh8 19. Rhg1 Rg8 20. Bc2 Bh4 21. Qd3 f5 22. Nc5 Qf7 23. Rg6 Rae8 24. f3 Nd7 25.
Nxd7 Qxd7 26. e4 Ne7 27. R6g2 Nc6 28. Bc3 Bf6 29. d5 Bxc3 30. Qxc3 Nd8 31. Rg6 Kh7 32. dxe6 Nxe6 33. exf5 Nxf4 34. Rxg7+ Rxg7 35. f6+ Kh8 36. Rxg7 Qc6 37. Rh7+ Kg8 38. f7+ 1-0

[Event "*** SCC Grand Prix: Titled Tuesday Blitz"]
[Site "Chess.com"]
[Date "2020.09.08"]
[Round "2"]
[White "daro94"]
[Black "Agibileg"]
[Result "1-0"]
[WhiteElo "2971"]
[BlackElo "2587"]
[TimeControl "180+1"]
[EndTime "10:17:38 PDT"]
[Termination "daro94 won on time"]

1. Nf3 Nf6 2. b3 g6 3. Bb2 Bg7 4.
g3 b6 5. Bg2 Bb7 6. O-O O-O 7. c4 c5 8. d4 Ne4 9. Nc3 Nxc3 10. Bxc3 Nc6 11. Qd2 cxd4 12. Nxd4 Qc8 13. Rfd1 Nxd4 14. Bxd4 Bxg2 15. Bxg7 Kxg7 16. Kxg2 d6 17. h4 h5 18. e4 Rb8 19. a4 a6 20.
Qb2+ Kg8 21. Rd5 Qc6 22. Qe2 Rfd8 23. Rad1 Rdc8 24. g4 hxg4 25. Qxg4 b5 26. axb5 axb5 27. cxb5 Qc2 28. h5 Kg7 29. hxg6 Rg8 30. Rg5 f6 31.
Rh5 Kf8 32. Rh7 Rxb5 33. Ra1 Rb8 34. Ra7 Rg7 35. Rxg7 Kxg7 36. Rxe7+ Kf8 37. Qe6 Qxe4+ 38. Qxe4 1-0